 Dungeon Crawl Stone Soup version 0.25-a0-294-gea9b1ad378 (webtiles) character file.

Game seed: 12733565475976426218, levelgen mode: deterministic

85 MoonlitKnight the Sneak (level 4, -1/34 HPs)
             Began as a Vampire Assassin on Dec 17, 2019.
             Slain by a hobgoblin (3 damage)
             ... on level 3 of the Dungeon.
             The game lasted 00:02:44 (1821 turns).

MoonlitKnight the Sneak (Vampire Assassin)          Turns: 1821, Time: 00:02:45

Health: -1/34      AC:  4    Str: 10    XL:     4   Next: 25%
Magic:  4/4        EV: 13    Int: 13    God:
Gold:   162        SH:  0    Dex: 16    Spells: 3/3 levels left

rFire    . . .     SeeInvis +   a - +2 dagger
rCold    . . .     Gourm    .   (no shield)
rNeg     . . .     Faith    .   b - +0 robe
rPois    .         Spirit   .   (no helmet)
rElec    .         Reflect  .   c - +0 cloak
rCorr    .         Harm     .   r - +0 pair of gloves
MR       .....                  (no boots)
Stlth    +++.......             (no amulet)
HPRegen  0.31/turn              (no ring)
MPRegen  0.09/turn              (no ring)

@: regenerating quickly
A: no food, fangs 3, see invisible, unbreathing
a: Exsanguinate


You were on level 3 of the Dungeon.
You were alive.

You visited 1 branch of the dungeon, and saw 3 of its levels.

You collected 162 gold pieces.

Inventory:

Hand Weapons
 a - a +2 dagger (weapon)
Missiles
 d - 8 poisoned darts (quivered)
 e - 2 curare-tipped darts
 f - 2 datura-tipped darts
Armour
 b - a +0 robe (worn)
 c - a +0 cloak (worn)
 r - a +0 pair of gloves (worn)
Jewellery
 o - an uncursed ring of wizardry {unknown}
 p - a cursed ring of attention {unknown}
Scrolls
 g - 3 scrolls of identify {unknown}
 h - a scroll of immolation {unknown}
 j - a scroll of enchant weapon {unknown}
 q - a scroll of teleportation {unknown}
Potions
 i - a potion of might {unknown}
 k - a potion of heal wounds {unknown}
 l - a potion of flight {unknown}
 m - a potion of agility {unknown}
 n - 2 potions of curing {unknown}


   Skills:
 + Level 2.4 Fighting
 * Level 3.5 Short Blades
 - Level 1.5 Throwing
 + Level 2.2 Dodging
 + Level 6.5 Stealth


You had 3 spell levels left.
You didn't know any spells.
Your spell library was empty.

Dungeon Overview and Level Annotations

Branches:
Dungeon (3/15)

Altars:


Innate Abilities, Weirdness & Mutations

You do not eat.
Your natural rate of healing is unusually fast.
You have razor-sharp teeth.
You have supernaturally acute eyesight. (SInv)
You can survive without breathing.


Message History

The orc hits you with a +0 dagger.
You barely miss the orc.
The orc is severely wounded.
The worm bites you but does no damage. The orc hits you with a +0 dagger.
You hit the orc.
The orc is almost dead.
You barely miss the orc.
The orc is almost dead.
The orc hits you with a +0 dagger. The worm bites you!
You hit the orc.
You kill the orc!
The hobgoblin barely misses you.
You barely miss the hobgoblin.
The hobgoblin hits you but does no damage.
The worm bites you!
* * * LOW HITPOINT WARNING * * *
You hit the hobgoblin.
The hobgoblin is heavily wounded.
The hobgoblin hits you.
You die...

#.......# #...........
##.####.### ....g...... ...#
....#........ ######
###........ ##...
....%....###### ##.#
##.......#
...###########..#####..
......#........)########
......#........w@......#
...............g.......#
......#......%.........#
......#................#
......#...##.#.........#####
...............##..........#
.....#.....#.####..........#
..##...##.##.# #..........#
..##......#..# #..........#


You could see a worm and a hobgoblin.

Vanquished Creatures
  A gnoll (D:1)
  2 adders
  An ooze (D:3)
  A dart slug (D:1)
  2 worms
  2 leopard geckos
  An orc (D:3)
  3 bats (D:1)
  3 giant cockroaches
  2 goblins
  10 hobgoblins
  5 kobolds
  2 ball pythons
  A frilled lizard (D:1)
  8 rats
44 creatures vanquished.

Notes
Turn   | Place    | Note
-------+----------+-------------------------------------------
     0 | D:1      | MoonlitKnight the Vampire Assassin began the quest for the
                  | Orb.
     0 | D:1      | Reached XP level 1. HP: 16/16 MP: 1/1
   162 | D:1      | Reached skill level 6 in Stealth
   190 | D:1      | Reached XP level 2. HP: 17/22 MP: 2/2
   225 | D:1      | HP: 1/22 [hobgoblin (4)]
   598 | D:1      | Reached XP level 3. HP: 22/27 MP: 3/3
  1645 | D:3      | Reached XP level 4. HP: 34/34 MP: 4/4
  1821 | D:3      | Slain by a hobgoblin

Levels and vault maps discovered:
D:1:      dpeg_cavernosity, layout_loops_cross, serial_glass, glass_columns_a,
          glass_columns_b, glass_columns_a, roderic_roman_lattice,
          chequers_jeans
D:2:      layout_loops_cross
D:3:      minmay_goblin_kobold_castle, layout_rooms, uniq_grinder

Skill      XL: |  1  2  3 |
---------------+----------+-----
Stealth        | 6 |  6.5
Fighting       | 2 |  2.4
Short Blades   | 3 |  3.5
Dodging        | 2 |  2.2
Throwing       | |  1.5

Action                   |  1- 3 |  4- 6 || total
-------------------------+-------+-------++-------
Melee: Dagger            |    95 |    31 ||   126
       Bite              |     6 |     1 ||     7
Throw: Dart              |     2 |       ||     2
 Stab: Sleeping          |    16 |       ||    16
       Distracted        |     1 |       ||     1
Armor: Robe              |    16 |     5 ||    21
Dodge: Dodged            |    46 |    10 ||    56

Table legend:
 A = Non-vault XP
 B = Vault XP
 C = Vault XP percentage of total XP
 D = Non-vault monster count
 E = Vault monster count
 F = Vault count percentage of total count
                 A         B        C        D         E       F
            +---------+---------+-------+---------+---------+-------
      Total |     117 |       5 |   4.1 |      40 |       4 |   9.1
            +---------+---------+-------+---------+---------+-------
        D:1 |      53 |       5 |   8.6 |      23 |       4 |  14.8
        D:2 |      31 |       0 |   0.0 |      11 |       0 |   0.0
        D:3 |      33 |       0 |   0.0 |       6 |       0 |   0.0
            +---------+---------+-------+---------+---------+-------
